 Dungeon Crawl Stone Soup version 0.14.0-12-g87ee3b7 (webtiles) character file.

5234 Ragg the Protected (level 10, -5/120 HPs)
             Began as a Minotaur Berserker on Apr 17, 2014.
             Was the Champion of Trog.
             Slain by an ogre
             ... wielding a +0,+0 giant club
              (21 damage)
             ... on Level 9 of the Dungeon.
             The game lasted 00:26:34 (6768 turns).

Ragg the Protected (Minotaur Berserker)             Turns: 6768, Time: 00:26:34

HP  -5/120       AC 19     Str 27      XL: 10   Next: 19%
MP  15/15        EV  7     Int  4      God: Trog [******]
Gold 619         SH  0     Dex 13      Spells:  0 memorised,  9 levels left

rFire  . . .     SeeInvis .     a - -2,+3 executioner's axe of Fortitude {venom, +Blink +Fly rN+ Stlth-}
rCold  . . .     Clarity  .     h - +2 plate armour
rNeg   + + .     Conserve .     (no shield)
rPois  .         rCorr    .     (helmet restricted)
rElec  .         rRot     .     K - +0 cloak
SustAb . .       Spirit   .     m - -1 pair of gloves
rMut   .         Warding  +     (no boots)
Saprov . . .     Stasis   .     r - amulet of warding
MR     +....                    Q - cursed -2,-3 ring of slaying
                                e - ring of protection from magic

@: berserking, very quick, somewhat resistant to hostile enchantments, extremely
unstealthy
A: retaliatory headbutt, horns 2
a: Burn Spellbooks, Berserk, Trog's Hand, Brothers in Arms, Renounce Religion,
Evoke Blink, Evoke Flight


You were on level 9 of the Dungeon.
You worshipped Trog.
Trog was exalted by your worship.
You were not hungry.

You visited 1 branch of the dungeon, and saw 9 of its levels.
You also visited: Ossuary.

You collected 619 gold pieces.

Inventory:

Hand weapons
 a - the -2,+3 executioner's axe of Fortitude (weapon) {venom, +Blink +Fly rN+ Stlth-}
   (Trog gifted it to you on level 8 of the Dungeon)

   It poisons the flesh of those it strikes.
   It protects you from negative energy.
   It lets you fly.
   It lets you blink.
   It makes you much less stealthy.
 b - a +0,+4 anti-magic broad axe
 w - a +0 blowgun
Missiles
 x - 19 poisoned needles
 y - 7 needles of sleeping
 B - 163 stones (quivered)
Armour
 h - a +2 plate armour (worn)
 m - a -1 pair of gloves (worn)
 K - a +0 cloak (worn)
Magical devices
 g - a wand of polymorph (18)
 u - a wand of digging (14)
 v - a wand of digging (8)
 G - a wand of heal wounds (2)
 P - a wand of draining (5)
Comestibles
 c - 8 bread rations
 f - 3 pears
 o - 5 meat rations
 J - a royal jelly
 L - 2 chunks of crocodile flesh
Scrolls
 p - 5 scrolls of teleportation
 z - a scroll of silence {unknown}
 A - 5 scrolls of identify
 C - a scroll of enchant armour {unknown}
 D - a scroll of fear
 E - a scroll of immolation {unknown}
 H - a scroll of recharging {unknown}
 I - 2 scrolls of magic mapping {unknown}
 R - a scroll of enchant weapon I {unknown}
Jewellery
 e - a ring of protection from magic (left hand)
 j - a +2 ring of dexterity
 r - an amulet of warding (around neck)
 s - an uncursed ring of magical power
 N - an uncursed ring of fire
 Q - a cursed -2,-3 ring of slaying (right hand)
Potions
 d - 2 potions of might
 i - a potion of heal wounds {unknown}
 k - a potion of haste
 l - a potion of magic {unknown}
 n - 2 potions of restore abilities
 q - 2 potions of curing {unknown}
 t - 2 potions of agility {unknown}
 F - a potion of paralysis {unknown}
 M - a potion of lignification {unknown}
 O - a potion of resistance {unknown}


   Skills:
 + Level 4.9 Fighting
 + Level 11.0 Axes
 + Level 11.3 Armour
 - Level 2.1 Dodging
 - Level 7.0 Evocations


You had 9 spell levels left.
You didn't know any spells.

Dungeon Overview and Level Annotations

Branches:
Dungeon (9/15)             Temple (0/1) D:5            Lair (0/8) D:9
    Orc: D:9-12

Altars:
Cheibriados
Elyvilon
Fedhas
Sif Muna
Trog
Vehumet
Xom
Zin

Shops:
D:7 *


Innate Abilities, Weirdness & Mutations

You reflexively headbutt those who attack you in melee.
You have a pair of horns on your head.


Message History

The ogre is heavily wounded.
The ogre hits you with a giant club! x2
* * * LOW HITPOINT WARNING * * *
You are too injured to fight recklessly!
You are too injured to fight recklessly!
You are too injured to fight recklessly!
You are too injured to fight recklessly!
Use which ability? (? or * to list)
You blink.
You feel slightly more hungry.
You kill the ogre!
Trog accepts your kill.
You don't know any spells.
Use which ability? (? or * to list)
A red film seems to cover your vision as you go berserk!
You feel yourself moving faster!
You feel mighty!
You feel somewhat more hungry.
You completely miss the ogre. You headbutt the ogre!
The ogre is almost dead.
The ogre hits you with a giant club!
You die...

#........#
#........#
#........#
#........#
#........#
#........#
#........#
#...O....#
#...@....#
#........#
#........#
#........#
#........#
#........#
..........
.........
...


You could see an ogre.

Vanquished Creatures
  An elephant (D:9)
  Eustachio (D:6)
  3 wolves
  Grum (D:9)
  2 hungry ghosts
  2 ice beasts (D:8)
  A sky beast (D:8)
  2 phantoms
  2 ogres
  2 crocodiles (D:9)
  A centaur (D:8)
  10 big kobolds
  A giant slug (D:9)
  A cyclops skeleton (D:8)
  A scorpion (D:6)
  A goliath beetle (D:9)
  3 orc priests
  3 jellies
  3 crimson imps
  4 hounds
  A giant frog skeleton (D:9)
  A centaur skeleton (D:4)
  3 gnoll shamans (D:4)
  Natasha (thrice) (D:6)
  5 orc wizards
  6 worker ants
  5 big kobold zombies (Ossuary)
  2 mummies (Ossuary)
  37 gnolls
  An inept feature mimic (D:8)
  10 adders
  4 worms
  A goliath beetle zombie (D:8)
  2 white imps (D:6)
  An ufetubus (D:6)
  5 giant geckos
  36 orcs
  11 bats
  A bat zombie (D:6)
  4 giant cockroaches
  9 goblins
  14 hobgoblins
  2 quokkas
  2 ball pythons
  5 giant newts
  3 gnoll zombies (Ossuary)
  A goblin zombie (Ossuary)
  3 hobgoblin zombies (Ossuary)
  20 jackals
  27 kobolds
  2 orc zombies (Ossuary)
  13 rats
  A rat zombie (D:5)
286 creatures vanquished.

Notes
Turn   | Place    | Note
--------------------------------------------------------------
     0 | D:1      | Ragg, the Minotaur Berserker, began the quest for the Orb.
     0 | D:1      | Reached XP level 1. HP: 19/19 MP: 1/1
   199 | D:1      | Reached skill level 4 in Axes
   302 | D:1      | Reached XP level 2. HP: 23/26 MP: 1/1
   605 | D:2      | Acquired Trog's second power
   689 | D:2      | Reached XP level 3. HP: 29/31 MP: 2/2
  1171 | D:3      | Reached skill level 5 in Axes
  1171 | D:3      | Reached XP level 4. HP: 39/39 MP: 2/2
  1488 | D:3      | Reached XP level 5. HP: 31/45 MP: 2/2
  1545 | D:3      | Reached skill level 5 in Armour
  1885 | D:4      | Acquired Trog's third power
  2008 | D:4      | Reached skill level 6 in Axes
  2027 | D:4      | Reached XP level 6. HP: 40/51 MP: 3/3
  2151 | D:4      | Noticed an ogre
  2164 | D:4      | Killed an ogre
  2164 | D:4      | Reached skill level 7 in Axes
  2164 | D:4      | Reached XP level 7. HP: 22/57 MP: 3/3
  2563 | D:4      | Received a gift from Trog
  2928 | D:4      | Found a radiant altar of Vehumet.
  3087 | D:5      | Entered Level 5 of the Dungeon
  3182 | D:5      | Found a staircase to the Ecumenical Temple.
  3203 | D:5      | Found a snail-covered altar of Cheibriados.
  3203 | D:5      | Found a shimmering altar of Xom.
  3396 | D:5      | Reached skill level 8 in Axes
  3813 | D:5      | Found a deep blue altar of Sif Muna.
  4249 | D:6      | Found a glowing silver altar of Zin.
  4249 | D:6      | Noticed Natasha
  4252 | D:6      | Killed Natasha
  4286 | D:6      | Reached XP level 8. HP: 56/64 MP: 1/3
  4302 | D:6      | Noticed Natasha
  4303 | D:6      | Found a sand-covered staircase.
  4309 | D:6      | Killed Natasha
  4336 | Ossuary  | Entered an ossuary
  4392 | Ossuary  | Reached skill level 9 in Armour
  4496 | D:6      | Noticed Eustachio
  4512 | D:6      | Killed Eustachio
  4664 | D:6      | Noticed Natasha
  4667 | D:6      | Killed Natasha
  5069 | D:7      | Found a bloodstained altar of Trog.
  5100 | D:7      | Found Kokli Vae's Assorted Antiques.
  5206 | D:7      | Reached skill level 10 in Armour
  5311 | D:7      | Found a white marble altar of Elyvilon.
  5419 | D:7      | Reached skill level 10 in Axes
  5645 | D:8      | Reached XP level 9. HP: 62/70 MP: 1/4
  5699 | D:8      | Found a blossoming altar of Fedhas.
  5833 | D:8      | Received a gift from Trog
  5844 | D:8      | Got a crude executioner's axe {god gift}
  5845 | D:8      | Identified the -2,+3 executioner's axe of Fortitude {venom, +Blink +Fly rN+ Stlth-} (Trog gifted it to you on level 8 of the Dungeon)
  5880 | D:8      | Reached skill level 1 in Evocations
  6040 | D:8      | Reached skill level 5 in Evocations
  6320 | D:9      | Noticed Grum
  6647 | D:9      | Killed Grum
  6647 | D:9      | Reached skill level 11 in Armour
  6647 | D:9      | Reached XP level 10. HP: 54/78 MP: 15/15
  6693 | D:9      | Noticed an elephant
  6694 | D:9      | Found a staircase to the Lair.
  6701 | D:9      | Killed an elephant
  6768 | D:9      | Slain by an ogre

Action                   |  1- 3 |  4- 6 |  7- 9 | 10-12 || total
-------------------------+-------+-------+-------+-------++-------
Melee: Hand axe          |    69 |   191 |    74 |       ||   334
       Mace              |    39 |       |       |       ||    39
       Broad axe         |       |       |   256 |       ||   256
       Executioner's axe |       |       |   114 |    13 ||   127
Throw: Stone             |       |       |    28 |       ||    28
Invok: Berserk           |       |       |       |     2 ||     2
 Abil: Evoke Blink       |       |       |     1 |     1 ||     2
Evoke: Wand              |       |     1 |     2 |       ||     3
  Use: Scroll            |     4 |     4 |     3 |     1 ||    12
